 Dungeon Crawl Stone Soup version 0.26-a0-652-gafc20e3620 (webtiles) character file.

Game seed: 11768011831340060757

77 DoubleLucky the Grasshopper (level 4, 0/23 HPs)
             Began as a Spriggan Warper on Oct 4, 2020.
             Slain by a kobold
             ... wielding a +0 short sword
              (4 damage)
             ... on level 3 of the Dungeon.
             The game lasted 00:10:14 (2584 turns).

DoubleLucky the Grasshopper (Spriggan Warper)       Turns: 2584, Time: 00:10:15

Health: 0/23       AC:  2    Str:  8    XL:     4   Next: 14%
Magic:  10/10      EV: 19    Int: 14    God:
Gold:   144        SH:  0    Dex: 15    Spells: 7/9 levels left

rFire    . . .     SeeInvis +   a - +0 short sword
rCold    . . .     Faith    .   (shield restricted)
rNeg     . . .     Spirit   .   b - +0 robe
rPois    .         Reflect  .   (helmet restricted)
rElec    .         Harm     .   (no cloak)
rCorr    .         Rampage  .   (gloves unavailable)
MR       .....                  (boots unavailable)
Stlth    +.........             (no amulet)
HPRegen  0.07/turn              (no ring)
MPRegen  0.12/turn              (no ring)

@: very quick
A: very small, unfitting armour, see invisible, speed 3
a: no special abilities


You were on level 3 of the Dungeon.
You visited 1 branch of the dungeon, and saw 3 of its levels.

You collected 144 gold pieces.

Inventory:

Hand Weapons
 a - a +0 short sword (weapon)
Missiles
 e - 2 boomerangs of dispersal (quivered)
Armour
 b - a +0 robe (worn)
 p - +0 swamp dragon scales
Jewellery
 j - an uncursed ring of protection from cold {unknown}
Scrolls
 c - a scroll of remove curse {unknown}
 d - a scroll of blinking
 f - 4 scrolls of magic mapping {unknown}
 g - 3 scrolls of identify {unknown}
 h - 4 scrolls of teleportation {unknown}
 i - a scroll of fog {unknown}
 m - a scroll of amnesia {unknown}
 o - a scroll of enchant armour {unknown}
Potions
 k - 2 potions of flight {unknown}
 l - 2 potions of might {unknown}
 n - 2 potions of brilliance {unknown}


   Skills:
 + Level 2.1 Fighting
 + Level 2.9 Short Blades
 + Level 1.9 Throwing
 + Level 4.3 Dodging
 + Level 3.4 Spellcasting
 - Level 4.4 Translocations


You had 7 spell levels left.
You knew the following spells:

 Your Spells              Type           Power        Failure   Level
a - Blink                 Tloc           N/A          4%          2

Your spell library contained the following spells:

 Spells                   Type           Power        Failure   Level
 Gell's Gravitas          Tloc           ##........   10%         3
 Lesser Beckoning         Tloc           ##........   10%         3
 Teleport Other           Tloc           ##......     10%         3
 Passage of Golubria      Tloc           N/A          32%         4


Dungeon Overview and Level Annotations

Branches:
Dungeon (3/15)

Altars:
Gozag
Makhleb
Qazlal

Annotations:
D:3 3 runed translucent doors, Kraken2834's ghost, amateur HOMo


Innate Abilities, Weirdness & Mutations

You are very small and have problems with some larger weapons.
You are too small for most types of armour.
You have supernaturally acute eyesight. (SInv)
You cover ground extremely quickly.


Message History

You hit the giant cockroach but do no damage.
The giant cockroach is heavily wounded.
The giant cockroach bites you.
You hit the giant cockroach but do no damage.
The giant cockroach is heavily wounded.
The giant cockroach closely misses you. The kobold closely misses you.
You hit the giant cockroach but do no damage.
The giant cockroach is heavily wounded.
The giant cockroach bites you.
* * * LOW HITPOINT WARNING * * *
The kobold hits you with a +0 short sword.
* * * LOW HITPOINT WARNING * * *
You closely miss the giant cockroach.
The giant cockroach is heavily wounded.
The giant cockroach barely misses you. The kobold closely misses you.
You hit the giant cockroach.
The giant cockroach is severely wounded.
The giant cockroach closely misses you.
The kobold hits you with a +0 short sword.
You die...

#### #########...
#######.......g.##
#g....#.#######.#
#K###.#.# #.# #@#
#.#.#######.## #s#
#...........g. #.#
##.K.......... #.#
##.#######.## #.#
#.# ###.## #.. ..#
#..S(K ### K.#
#.#### ..# #.#
#..# #.#


You could see a giant cockroach, a hobgoblin and a kobold.

Vanquished Creatures
  Jessica (D:2)
  An adder (D:2)
  2 worms
  A leopard gecko (D:2)
  3 giant cockroaches
  4 goblins
  3 hobgoblins (D:2)
  3 jackals (D:1)
  4 kobolds
  A quokka (D:2)
  2 bats
  3 frilled lizards
  7 rats (D:1)
35 creatures vanquished.

Vanquished Creatures (others)
  2 plants (D:1)
2 creatures vanquished.

Grand Total: 37 creatures vanquished

Notes
Turn   | Place    | Note
-------+----------+-------------------------------------------
     0 | D:1      | DoubleLucky the Spriggan Warper began the quest for the
                  | Orb.
     0 | D:1      | Reached XP level 1. HP: 10/10 MP: 5/5
   477 | D:1      | Reached XP level 2. HP: 12/15 MP: 6/6
  1247 | D:2      | Reached XP level 3. HP: 9/18 MP: 8/8
  1590 | D:2      | Found a burning altar of Makhleb.
  1885 | D:2      | Found a stormy altar of Qazlal.
  1886 | D:2      | Noticed an air elemental
  1887 | D:2      | Noticed a water elemental
  1888 | D:2      | Noticed a fire elemental
  1888 | D:2      | Noticed an earth elemental
  1938 | D:2      | Learned a level 2 spell: Blink
  2102 | D:2      | Noticed Jessica
  2241 | D:2      | Killed Jessica
  2241 | D:2      | Reached XP level 4. HP: 18/23 MP: 10/10
  2540 | D:3      | Found a runed translucent gate.
  2540 | D:3      | Found a runed translucent gate.
  2540 | D:3      | Found a runed translucent gate.
  2542 | D:3      | Found an opulent altar of Gozag.
  2545 | D:3      | Noticed Kraken2834's ghost (amateur HOMo)
  2584 | D:3      | Slain by a kobold

Illustrated notes

Levels and vault maps discovered:
D:1:      onia_arrival_handbag, layout_basic, serial_forest,
          infiniplex_forest_3_way, infiniplex_forest_lined_room_,
          infiniplex_forest_straight_2, infiniplex_forest_lined_4_way,
          infiniplex_forest_clump_tiny, infiniplex_forest_clump_C,
          infiniplex_forest_end_double, infiniplex_forest_clump_long,
          infiniplex_forest_corner_1, st_stairs_3,
          corexii_item_surrounded_by_moat
D:2:      layout_loops_cross, nicolae_qazlal_style_of_elements,
          old_standard_altar, uniq_jessica
D:3:      minmay_evil_eye, layout_loops_ring, ebering_ghost_gozag

Skill      XL: |  1  2  3 |
---------------+----------+-----
Spellcasting   | 3 |  3.4
Dodging        | 4 |  4.3
Fighting       | 2 |  2.1
Short Blades   | |  2.9
Throwing       | |  1.9
Translocations | |  4.4

Action                   |  1- 3 |  4- 6 || total
-------------------------+-------+-------++-------
Melee: Short sword       |   125 |    28 ||   153
Throw: Boomerang         |     3 |       ||     3
 Cast: Blink             |     3 |     2 ||     5
 Stab: Sleeping          |     6 |     1 ||     7
       Distracted        |     1 |       ||     1
Armor: Robe              |     2 |     2 ||     4
Dodge: Dodged            |    86 |    19 ||   105

Table legend: (Time is in decaauts)
 A = Elapsed time spent in this place.
 B = Non-inter-level travel time spent in this place.
 C = Inter-level travel time spent in this place.
 D = Time resting spent in this place.
 E = Time spent auto-exploring this place.
 F = Levels seen in this place.
 G = Mean time per level.
                   A        B        C        D        E       F      G
               +--------+--------+--------+--------+--------+-----+--------+
         Total |   2002 |   1983 |     19 |    217 |   1230 |   3 |  667.3 |
       Dungeon |   2002 |   1983 |     19 |    217 |   1230 |   3 |  667.3 |
               +--------+--------+--------+--------+--------+-----+--------+

Top non-repeatable levels by time:
     D:2: 935 daAuts
     D:1: 877 daAuts
     D:3: 188 daAuts
